 Dungeon Crawl Stone Soup version 0.28-a0-595-g9f6c0e134a (webtiles) character file.

Game seed: 8040807868986744140

186098 sleeves the Purifying Dwarf (level 17, -2/154 HPs)
             Began as a Deep Dwarf Monk on Oct 5, 2021.
             Was a High Priest of Elyvilon.
             Killed from afar by Nikola (29 damage)
             ... with an arc of chain lightning
             ... on level 1 of the Shoals.
             The game lasted 02:11:49 (33815 turns).

sleeves the Purifying Dwarf (Deep Dwarf Monk)      Turns: 33815, Time: 02:11:50

Health: -2/154     AC: 29    Str: 27    XL:     17   Next: 42%
Magic:  29/29 (20) EV: 15    Int: 16    God:    Elyvilon [*****.]
Gold:   3548       SH: 16    Dex: 15    Spells: 0/16 levels left

rFire   + + .      SeeInvis +   G - +3 broad axe (elec)
rCold   + . .      Faith    .   O - +3 kite shield "Poames" {Slay+6}
rNeg    + + +      Spirit   .   s - +2 chain mail {rN+}
rPois   +          Reflect  .   i - +0 helmet of Igevom {rPois rF- Will++ rCorr}
rElec   +          Harm     .   A - +2 cloak
rCorr   +          Rampage  .   S - +0 pair of gloves {Str+3}
Will    +++++      Clarity  +   I - +4 pair of boots "Wodwawk" {Str+4 Int+3 SInv Stlth-}
Stlth   ..........              e - amulet of the Four Winds {rN+ Will+++ Clar}
HPRegen 0.00/turn               l - +4 ring of protection
MPRegen 0.21/turn               H - ring of Kovotz {rF++ rCorr MP+9 EV+4}

@: resistant, studying 2 skills
A: damage resistance, heal wounds, negative energy resistance 1, sense
surroundings 2, no regeneration
}: 1/15 runes: serpentine
a: Heal Wounds, Renounce Religion, Lesser Healing, Heal Other, Purification,
Greater Healing, Divine Vigour, Divine Protection


You were on level 1 of the Shoals.
You worshipped Elyvilon.
Elyvilon was extremely pleased with you.
You visited 6 branches of the dungeon, and saw 29 of its levels.
You also visited: Gauntlet.

You collected 5555 gold pieces.
You spent 2007 gold pieces at shops.

Inventory:

Hand Weapons
 G - a +3 broad axe of electrocution (weapon)
   (You acquired it on level 3 of the Snake Pit)
Missiles
 a - 4 boomerangs (quivered)
 t - 9 throwing nets
 y - 50 poisoned darts
 C - 2 curare-tipped darts
 M - 2 datura-tipped darts
 Y - 7 silver javelins
 Z - 2 atropa-tipped darts
Armour
 i - the +0 helmet of Igevom (worn) {rPois rF- Will++ rCorr}
   (You bought it in a shop on level 2 of the Orcish Mines)

   rF:        It makes you vulnerable to fire.
   rPois:     It protects you from poison.
   rCorr:     It protects you from acid and corrosion.
   Will:      It greatly increases your willpower.
 s - a +2 chain mail of positive energy (worn)
   (You took it off an orc warlord on level 2 of the Orcish Mines)
 A - a +2 cloak (worn)
   (You bought it in a shop on level 6 of the Dungeon)
 I - the +4 pair of boots "Wodwawk" (worn) {Str+4 Int+3 SInv Stlth-}
   (You acquired it on level 1 of the Snake Pit)

   Str:       It affects your strength (+4).
   Int:       It affects your intelligence (+3).
   SInv:      It lets you see invisible.
   Stlth:     It makes you less stealthy.
 O - the +3 kite shield "Poames" (worn) {Slay+6}
   (You bought it in a shop on level 1 of the Orcish Mines)

   Slay:      It affects your accuracy & damage with ranged weapons and melee
   (+6).
 S - a +0 pair of gloves of strength (worn)
   (You bought it in a shop on level 1 of the Orcish Mines)
Jewellery
 e - the amulet of the Four Winds (around neck) {rN+ Will+++ Clar}
   (You bought it in a shop on level 4 of the Snake Pit)

   [amulet of nothing]

   rN:        It protects you from negative energy.
   Clar:      It protects you against confusion.
   Will:      It greatly increases your willpower.
 g - a ring of flight
   (You found it on level 1 of the Dungeon)
 k - a ring of protection from cold
   (You found it on level 2 of the Dungeon)
 l - a +4 ring of protection (left hand)
   (You found it on level 2 of the Dungeon)
 o - a ring of poison resistance
   (You found it on level 9 of the Dungeon)
 H - the ring of Kovotz (right hand) {rF++ rCorr MP+9 EV+4}
   (You acquired it in a Gauntlet)

   [ring of evasion]

   EV:        It affects your evasion (+4).
   rF:        It greatly protects you from fire.
   MP:        It affects your magic capacity (+9).
   rCorr:     It protects you from acid and corrosion.
 N - a ring of see invisible
   (You found it on level 8 of the Dungeon)
Wands
 c - a wand of mindburst (11)
   (You found it on level 3 of the Lair of Beasts)
 q - a wand of acid (11)
   (You found it on level 3 of the Dungeon)
 F - a wand of iceblast (5)
   (You found it on level 7 of the Dungeon)
 U - a wand of digging (13)
   (You found it on level 1 of the Lair of Beasts)
Scrolls
 b - 7 scrolls of enchant armour
 f - 4 scrolls of fear
 m - 4 scrolls of immolation
 u - 17 scrolls of teleportation
 w - 10 scrolls of magic mapping
 B - 3 scrolls of holy word
 E - a scroll of summoning
 L - 6 scrolls of enchant weapon
 P - a scroll of vulnerability
 Q - a scroll of brand weapon
 T - a scroll of silence {unknown}
 V - 2 scrolls of blinking
 W - a scroll of fog
Potions
 d - 3 potions of brilliance
 j - 3 potions of ambrosia
 n - 11 potions of curing
 p - 2 potions of berserk rage
 r - 5 potions of flight
 v - a potion of magic
 x - 3 potions of invisibility
 z - 10 potions of mutation
 D - 2 potions of resistance
 J - a potion of heal wounds
 R - 4 potions of haste
 X - a potion of might
Miscellaneous
 h - a tin of tremorstones (inert)
   (You found it on level 6 of the Lair of Beasts)
 K - a phantom mirror
   (You found it in a Gauntlet)


   Skills:
 - Level 10.3 Fighting
 - Level 16.0 Axes
 - Level 12.0 Throwing
 - Level 10.1 Armour
 - Level 6.0 Dodging
 - Level 2.4 Stealth
 + Level 13.4 Shields
 - Level 20.0 Invocations
 - Level 12.0 Evocations


You couldn't memorise any spells.
You knew the following spells:

 Your Spells              Type           Power      Damage    Failure   Level
a - Blink                 Tloc           N/A        N/A       90%         2
b - Lesser Beckoning      Tloc           0%         N/A       99%         3
c - Portal Projectile     Hex/Tloc       0%         N/A       99%         3
d - Disjunction           Tloc           0%         N/A       100%        8

Your spell library contained the following spells:

 Spells                   Type           Power      Damage    Failure   Level
 Animate Skeleton         Necr           0%         N/A       80%         1
 Beastly Appendage        Tmut           0%         N/A       80%         1
 Freeze                   Ice            0%         1d3       80%         1
 Pain                     Necr           0%         1d4       80%         1
 Sandblast                Erth           0%         2d4       80%         1
 Sting                    Tmut/Pois      0%         1d3       80%         1
 Summon Small Mammal      Summ           0%         N/A       80%         1
 Passwall                 Tmut/Erth      0%         N/A       90%         2
 Poisonous Vapours        Pois/Air       0%         N/A       90%         2
 Scorch                   Fire           0%         2d5       90%         2
 Slow                     Hex            0%         N/A       90%         2
 Sublimation of Blood     Necr           0%         N/A       90%         2
 Wereblood                Tmut           0%         N/A       90%         2
 Call Canine Familiar     Summ           0%         N/A       99%         3
 Confusing Touch          Hex            0%         N/A       99%         3
 Dazzling Flash           Conj/Hex       0%         N/A       99%         3
 Frozen Ramparts          Ice            0%         1d2       99%         3
 Inner Flame              Hex/Fire       0%         N/A       99%         3
 Spider Form              Tmut/Pois      0%         N/A       99%         3
 Stone Arrow              Conj/Erth      0%         3d7       99%         3
 Summon Guardian Golem    Hex/Summ       0%         N/A       99%         3
 Swiftness                Air            0%         N/A       99%         3
 Vampiric Draining        Necr           0%         2d6       99%         3
 Airstrike                Air            0%         N/A       100%        4
 Animate Armour           Summ/Erth      0%         N/A       100%        4
 Animate Dead             Necr           0%         N/A       100%        4
 Cause Fear               Hex            0%         N/A       100%        4
 Flame Wave               Conj/Fire      0%         3d3       100%        4
 Hailstorm                Conj/Ice       0%         3d3       100%        4
 Iskenderun's Mystic Bla  Conj/Tloc      0%         2d3       100%        4
 Leda's Liquefaction      Hex/Erth       0%         N/A       100%        4
 Olgreb's Toxic Radiance  Pois           0%         N/A       100%        4
 Petrify                  Tmut/Erth      0%         N/A       100%        4
 Summon Lightning Spire   Summ/Air       0%         N/A       100%        4
 Irradiate                Conj/Tmut      0%         3d14      100%        5
 Lightning Bolt           Conj/Air       0%         1d11      100%        5
 Manifold Assault         Tloc           0%         N/A       100%        5
 Metabolic Englaciation   Hex/Ice        0%         N/A       100%        5
 Yara's Violent Unravell  Hex/Tmut       0%         3d3       100%        5
 Conjure Ball Lightning   Conj/Air       0%         3x3d6     100%        6
 Invisibility             Hex            0%         N/A       100%        6
 Starburst                Conj/Fire      0%         6d3       100%        6
 Statue Form              Tmut/Erth      0%         N/A       100%        6
 Summon Cactus Giant      Summ           0%         N/A       100%        6
 Haunt                    Necr/Summ      0%         N/A       100%        7
 Orb of Destruction       Conj           0%         N/A       100%        7
 Spellforged Servitor     Conj/Summ      0%         N/A       100%        7
 Discord                  Hex            0%         N/A       100%        8
 Infestation              Necr           0%         N/A       100%        8
 Lehudib's Crystal Spear  Conj/Erth      0%         10d2      100%        8


Dungeon Overview and Level Annotations

Branches:
Dungeon (15/15)            Temple (1/1) D:7            Lair (6/6) D:9
 Shoals (1/4) Lair:4        Snake (4/4) Lair:3        Slime (0/5) Lair:6
    Orc (2/2) D:12            Elf (0/3) Orc:2        Vaults (0/5) D:13
 Depths (0/4) D:15        Gauntlet (visited)

Altars:
Ashenzari
Cheibriados
Dithmenos
Elyvilon
Fedhas
Gozag
Hepliaklqana
Kikubaaqudgha
Makhleb
Nemelex Xobeh
Okawaru
Qazlal
Ru
Sif Muna
Trog
Uskayaw
Vehumet
Wu Jian
Xom
Yredelemnul
Zin
The Shining One
Beogh

Shops:
D:6 [   D:8 (   D:9 !   D:11 !   Orc:1 [   Orc:2 *:([:   Snake:4 =

Annotations:
D:7 2 transporters, Demosthentine's ghost, novice MfGl
D:11 4 runed translucent doors
Lair:1 1 runed translucent door, bande's ghost, journeyman GrFi
Lair:6 exclusion: 2 oklob plants
Shoals:1 Nikola


Innate Abilities, Weirdness & Mutations

You are resistant to damage.
You can heal yourself by infusing magical energy.
You resist negative energy. (rN+)
You passively map the area around you.
You do not regenerate.


Message History

You block the arrow.
You slash the naga sharpshooter!
You kill the naga sharpshooter!
The naga sharpshooter gestures wildly while chanting.
The naga sharpshooter magically shoots a bolt.
The bolt barely misses you.
Items here: ( )) †.
There is an open door, spattered with blood here.
You start resting.
Magic restored.
The naga sharpshooter mumbles some strange words.
The naga sharpshooter magically shoots a bolt.
You block the bolt.
The naga sharpshooter unwields a +0 arbalest.
The naga sharpshooter wields a +3 glaive.
You block the naga sharpshooter's attack. x2
There is an open door, spattered with blood here.
You hit the naga sharpshooter but do no damage.
The naga sharpshooter unwields a +3 glaive.
The naga sharpshooter wields a +0 arbalest.
The naga sharpshooter shoots a bolt.
The bolt hits you!
You slice the naga sharpshooter!!
Lightning courses through the naga sharpshooter!
The naga sharpshooter is severely wounded.
You slice the naga sharpshooter!!
The naga sharpshooter is almost dead.
The naga sharpshooter mumbles some strange words.
You slash the naga sharpshooter!
Lightning courses through the naga sharpshooter!
You kill the naga sharpshooter!
The naga sharpshooter shoots a bolt.
The bolt hits you but does no damage.
The naga sharpshooter shoots a bolt.
The bolt closely misses you.
Items here: (( )))) †.
The naga sharpshooter shoots a bolt.
You block the bolt.
You slice the naga sharpshooter!!
The naga sharpshooter is moderately wounded.
You open the naga sharpshooter like a pillowcase!!!
Lightning courses through the naga sharpshooter!
The naga sharpshooter is almost dead.
The naga sharpshooter casts a spell.
You slash the naga sharpshooter!
You kill the naga sharpshooter!
No target in view!
No target in view!
Things that are here:
a +0 arbalest; a +0 mace; 18 bolts
y - 45 poisoned darts (gained 19)
You open the door.
Found Vessaoco's Jewellery Emporium.
There is an open door here.
There is an entrance to Vessaoco's Jewellery Emporium here.
Thank you for shopping at Vessaoco's Jewellery Emporium!
Unknown command.
You can't carry that many items.
Drop what? 52/52 slots (_ for help) (? for menu, Esc to quit)
You drop a scarf of repulsion.
e - the amulet of the Four Winds {rN+ Will+++ Clar}
There is an entrance to Vessaoco's Jewellery Emporium here.
You start putting on your amulet.
You continue putting on the amulet of the Four Winds {rN+ Will+++ Clar}. x5
You finish putting on the amulet of the Four Winds {rN+ Will+++ Clar}.
e - the amulet of the Four Winds (around neck) {rN+ Will+++ Clar}
Okay, then.
Okay, then.
Okay, then.
You are healed.
n - 10 potions of curing (gained 1)
You open the door.
Found a falchion.
There is an open door here.
You now have 3432 gold pieces (gained 13).
Found 15 arrows.
You open the door.
There is an open door here.
A salamander comes into view. It is wielding a +0 trident.
A salamander is nearby!
A salamander is nearby!
A naga comes into view.
It is wielding a +0 short sword of venom.
The naga shouts!
You hear a shout! x2
A guardian serpent comes into view.
A guardian serpent comes into view.
You block the salamander's attack.
The salamander hits you with a +0 trident.
You are engulfed in flames.
You resist.
You barely miss the salamander. You block the salamander's attack.
The salamander hits you but does no damage.
The salamander hits you with a +0 trident.
You are engulfed in flames.
You resist.
You slice the salamander!!
The salamander is heavily wounded.
You block the salamander's attack.
The guardian serpent hits you but does no damage.
You hit the guardian serpent.
The guardian serpent is lightly wounded.
You slice the salamander!!
The guardian serpent casts a spell at you.
The bolt of poison hits the guardian serpent!
The guardian serpent is poisoned.
The bolt of poison hits you. You resist.
You block the guardian serpent's attack.
You closely miss the salamander.
The salamander is almost dead.
You slash the guardian serpent!
You block the guardian serpent's attack.
The salamander hits you but does no damage.
The guardian serpent coils itself and waves its upper body at you.
The naga blinks!
You slice the salamander!!
Lightning courses through the salamander!!
You kill the salamander!
You closely miss the guardian serpent. You slash the guardian serpent!
You slash the naga! The guardian serpent hits you!
You block the guardian serpent's attack. x2
You hit the guardian serpent.
The guardian serpent is heavily wounded.
You hit the naga but do no damage. You hit the guardian serpent.
The naga spits poison at you. You block the splash of poison.
You block the guardian serpent's attack. x2
You slice the guardian serpent!!
Lightning courses through the guardian serpent!
You kill the guardian serpent!
You completely miss the guardian serpent.
You hit the naga.
The guardian serpent hits you but does no damage.
You block the naga's attack. The naga grabs you. The naga constricts you.
You hit the naga.
The naga is moderately wounded.
You closely miss the guardian serpent.
The guardian serpent hits you but does no damage.
The naga misses you. The naga constricts you. The guardian serpent hits you.
You hit the naga.
The naga is heavily wounded.
You barely miss the guardian serpent. The guardian serpent hits you!
The naga hits you but does no damage.
You are poisoned.
The naga constricts you.
You hit the naga.
The naga is severely wounded.
You barely miss the guardian serpent. The guardian serpent barely misses you.
You block the naga's attack. The naga constricts you.
You block the guardian serpent's attack.
You slice the naga!!
You kill the naga!
You slice the guardian serpent!!
You block the guardian serpent's attack.
You slash the guardian serpent!
The guardian serpent is severely wounded.
The guardian serpent hits you but does no damage.
You slice the guardian serpent!!
You kill the guardian serpent!
No target in view!
No target in view!
You are healed.
You are no longer poisoned.
Things that are here:
a +0 trident; a salamander corpse
Things that are here:
a +0 robe; a +0 quarterstaff
Things that are here:
21 arrows; a +0 shortbow of flaming
Things that are here:
a +0 robe; a +0 flail
There is a stone staircase leading up here.
A naga comes into view. It is wielding a +0 battleaxe.
Found 19 gold pieces.
The naga shouts!
The naga spits poison at you.
The splash of poison hits you but does no damage.
You are poisoned.
You resist.
There is a broken door here.
You slice the naga!!
The naga is severely wounded.
You slash the naga!
You kill the naga!
No target in view!
No target in view!
Things that are here:
a +0 battleaxe; a naga corpse You are no longer poisoned.
You now have 3451 gold pieces (gained 19).
Things that are here:
a +0 battleaxe; a naga corpse
There is an open door here.
There is an open door here.
There is an open door here.
There is an open door here.
You open the door.
There is an open door here.
Key pressed, stopping explore.
You open the door.
There is an open door here.
You open the door.
Found 16 stones.
There is an open door here.
There is an open door here.
You see here a +3 spear.
Things that are here:
a +0 robe; a +0 quarterstaff A naga sharpshooter comes into view.
It is wielding a +0 battleaxe.
A naga sharpshooter is nearby!
The naga sharpshooter shouts!
You see here a +0 dire flail.
The naga sharpshooter spits poison at you.
The splash of poison misses you.
You open the door.
There is an open door here.
You start waiting.
A naga sharpshooter is nearby!
The naga sharpshooter unwields a +0 battleaxe.
The naga sharpshooter wields a +0 longbow.
The naga sharpshooter mumbles some strange words.
The naga sharpshooter magically shoots an arrow.
The arrow hits you!
You hit the naga sharpshooter.
The naga sharpshooter is lightly wounded.
You slash the naga sharpshooter!
The naga sharpshooter is moderately wounded.
The naga sharpshooter casts a spell.
The naga sharpshooter magically shoots an arrow.
You block the arrow.
You slice the naga sharpshooter!!
Lightning courses through the naga sharpshooter!
The naga sharpshooter is almost dead.
The naga sharpshooter gestures wildly while chanting.
The naga sharpshooter magically shoots an arrow.
You block the arrow.
You hit the naga sharpshooter.
The naga sharpshooter is almost dead.
The naga sharpshooter spits poison at you.
The splash of poison misses you.
You completely miss the naga sharpshooter.
The naga sharpshooter is almost dead.
The naga sharpshooter casts a spell.
The naga sharpshooter magically shoots an arrow.
You block the arrow.
You slash the naga sharpshooter!
You kill the naga sharpshooter!
Training target 20.0 for Invocations reached!
Your Invocations skill increases to level 20!
No target in view!
No target in view!
Magic restored.
There is an open door, spattered with blood here.
Items here: ( )) †.
There is an open door here. 2 salamanders and 2 salamander tyrants come into view.
There are monsters nearby!
There are monsters nearby!
A salamander comes into view.
It is wielding a +0 trident of protection.
You block the salamander tyrant's attack.
The salamander barely misses you.
The salamander tyrant gazes fiercely through you!
You feel your attacks grow feeble.
You barely miss the salamander tyrant. You block the salamander's attack.
You block the salamander tyrant's attack.
The salamander tyrant gazes fiercely through you!
You feel as though you will be weak longer.
The salamander barely misses you.
You slash the salamander tyrant!
The salamander tyrant is lightly wounded.
You block the salamander's attack. x2
The salamander tyrant gazes fiercely through you!
You feel as though you will be weak longer.
The salamander tyrant completely misses you.
You completely miss the salamander tyrant.
The salamander tyrant is lightly wounded.
The salamander hits you but does no damage. x2
The salamander tyrant barely misses you.
You hit the salamander tyrant.
The salamander tyrant is moderately wounded.
The salamander hits you from afar with a +0 trident of protection.
You are engulfed in flames.
You resist.
You slash the salamander tyrant!
The salamander tyrant is moderately wounded.
You hit the salamander tyrant but do no damage.
Lightning courses through the salamander tyrant!!
You block the salamander tyrant's attack.
You block the salamander's attack.
The salamander tyrant gazes fiercely through you!
You feel as though you will be weak longer.
The salamander tyrant hits you but does no damage.
The salamander hits you but does no damage.
You block the salamander tyrant's attack.
You block the salamander's attack.
The salamander hits you with a +0 trident of protection.
You are engulfed in flames.
You resist.
You hit the salamander.
The salamander is lightly wounded.
You barely miss the salamander tyrant. You hit the salamander tyrant.
Lightning courses through the salamander tyrant!!
You hit the salamander. You block the salamander's attack.
The salamander tyrant hits you!
You are engulfed in flames!
You resist.
The salamander tyrant hits you but does no damage.
You hit the salamander but do no damage.
The salamander is lightly wounded.
You hit the salamander tyrant.
Lightning courses through the salamander tyrant!
You hit the salamander tyrant. You slash the salamander!
You block the salamander's attack. The salamander tyrant hits you!
You are engulfed in flames!
You resist.
* * * LOW HITPOINT WARNING * * *
The salamander tyrant closely misses you.
The salamander wields a +0 shortbow of flaming.
It bursts into flame!
The salamander shoots an arrow.
The arrow completely misses you.
You slash the salamander tyrant!
The salamander tyrant is severely wounded.
You slash the salamander! You completely miss the salamander.
You slash the salamander tyrant!
The salamander hits you with a +0 trident of protection.
You are engulfed in flames.
You resist.
* * * LOW HITPOINT WARNING * * *
The salamander tyrant hits you.
You are engulfed in flames!
You resist.
* * * LOW HITPOINT WARNING * * *
You block the salamander's attack.
The salamander tyrant barely misses you.
You barely miss the salamander tyrant.
The salamander tyrant is severely wounded.
You slash the salamander tyrant! You barely miss the salamander.
You slash the salamander! You block the salamander's attack.
The salamander shoots an arrow.
The arrow barely misses you.
The salamander tyrant gazes fiercely through you!
You feel as though you will be weak longer.
You block the salamander tyrant's attack.
The salamander hits you but does no damage.
The salamander tyrant hits you but does no damage.
You slash the salamander tyrant!
The salamander tyrant is almost dead.
You completely miss the salamander.
You hit the salamander but do no damage.
You hit the salamander tyrant.
Lightning courses through the salamander tyrant!
You kill the salamander tyrant!
You block the salamander's attack.
The salamander shoots an arrow.
You block the arrow.
You block the salamander tyrant's attack.
You block the salamander's attack.
You hit the salamander.
The salamander is heavily wounded.
Your shield and chain mail prevent you from hitting the salamander.
You hit the salamander tyrant but do no damage.
You block the salamander's attack.
You block the salamander tyrant's attack.
The salamander hits you but does no damage.
You closely miss the salamander.
The salamander is heavily wounded.
You slash the salamander tyrant!
You kill the salamander tyrant!
You hit the salamander but do no damage.
You hit the salamander.
Lightning courses through the salamander!
The salamander barely misses you.
The salamander unwields a +0 shortbow of flaming.
It stops flaming.
The salamander misses you.
Your Shields skill increases to level 12!
You hit the salamander.
Lightning courses through the salamander!!
The salamander is almost dead.
You hit the salamander. You completely miss the salamander.
You block the salamander's attack. x2
You closely miss the salamander.
The salamander is almost dead.
You hit the salamander. x2; You block the salamander's attack.
The salamander hits you with a +0 spear!
* * * LOW HITPOINT WARNING * * *
You are engulfed in flames.
You resist.
* * * LOW HITPOINT WARNING * * *
You block the salamander's attack.
You closely miss the salamander.
The salamander is almost dead.
You hit the salamander.
Lightning courses through the salamander!!
You closely miss the salamander. The salamander hits you.
You are engulfed in flames.
You resist.
* * * LOW HITPOINT WARNING * * *
The salamander hits you but does no damage.
You slash the salamander!
You kill the salamander!
You hit the salamander. You slash the salamander!
You block the salamander's attack.
The salamander hits you but does no damage.
You slash the salamander!
Lightning courses through the salamander!!
The salamander is almost dead.
You hit the salamander.
The salamander hits you but does no damage. x2
You slash the salamander!
Lightning courses through the salamander!
You kill the salamander!
You hit the salamander.
Lightning courses through the salamander!
You kill the salamander!
You see here 15 arrows.
There is a stone staircase leading up here.
You are healed.
You are healed.
You are healed.
You are healed.
You are healed.
You are healed.
You are healed.
Your attacks no longer feel as feeble.
There is an open door, spattered with blood here.
Items here: ( )) †.
There is an open door here.
Things that are here:
a +0 shortbow of flaming; 14 arrows You see here a salamander corpse.
There is a fountain of clear blue water here.
A nagaraja comes into view. It is wielding a +0 flail.
The nagaraja shouts!
A nagaraja is nearby!
A nagaraja is nearby!
You start waiting.
A nagaraja is nearby!
Your chain mail prevents you from hitting the nagaraja.
You slice the nagaraja!!
The nagaraja is moderately wounded.
The nagaraja hits you with a +0 flail!! You block the nagaraja's attack.
You closely miss the nagaraja.
The nagaraja is moderately wounded.
The nagaraja spits poison at you.
The splash of poison hits you but does no damage.
You resist.
You slice the nagaraja!!
The nagaraja is severely wounded.
The nagaraja hits you but does no damage.
The nagaraja grabs you. The nagaraja constricts you.
You slash the nagaraja! Lightning courses through the nagaraja!
The nagaraja is almost dead.
The nagaraja points at you and mumbles some strange words.
The poison arrow hits you!
You are poisoned.
You partially resist. The nagaraja constricts you.
You slice the nagaraja!!
You kill the nagaraja!
You are healed.
Magic restored.
Things that are here:
a +0 flail; a +0 robe You are no longer poisoned.
y - 50 poisoned darts (gained 5)
You open the door.
A guardian serpent and a salamander mystic come into view.
The guardian serpent shouts!
You hear an angry hiss.
You hear a shout! x2
You hear an angry hiss.
A black mamba comes into view.
There is an open door here.
There are monsters nearby!
There are monsters nearby!
The guardian serpent barely misses you.
There is an open door here.
You slash the guardian serpent!
The guardian serpent is moderately wounded.
The guardian serpent misses you.
A naga sharpshooter comes into view. It is wielding a +0 hand axe.
You block the guardian serpent's attack.
The black mamba bites you but does no damage.
You slash the guardian serpent!
The guardian serpent is severely wounded.
You slash the black mamba! The black mamba misses you.
The guardian serpent hits you but does no damage.
You slice the guardian serpent!!
Lightning courses through the guardian serpent!
You kill the guardian serpent!
You miss the black mamba. You block the black mamba's attack. x2
You slice the black mamba!!
The black mamba is severely wounded.
You hit the salamander mystic.
You hear a deafening roar! x2
You block the black mamba's attack.
The salamander mystic barely misses you.
You closely miss the black mamba.
The black mamba is severely wounded.
You hit the salamander mystic. You block the black mamba's attack.
A quicksilver dragon comes into view.
Something unseen breaks down the door.
The black mamba barely misses you.
A black mamba comes into view.
The salamander mystic points at the black mamba and mumbles some strange words.
The black mamba seems to speed up.
You hear a shout!
You slash the black mamba!
You kill the black mamba!
You hit the salamander mystic but do no damage.
Lightning courses through the salamander mystic!
A quicksilver dragon comes into view.
The naga sharpshooter unwields a +0 hand axe.
The naga sharpshooter wields a +0 longbow.
The naga sharpshooter mumbles some strange words.
The naga sharpshooter magically shoots an arrow.
You block the arrow.
The tremorstone explodes into fragments!
The burst of rock shards engulfs the quicksilver dragon!
The burst of rock shards engulfs the black mamba!!
The burst of rock shards engulfs the naga sharpshooter!
The burst of rock shards engulfs the quicksilver dragon but does no damage.
The burst of rock shards engulfs the naga sharpshooter!
The burst of rock shards engulfs the quicksilver dragon but does no damage.
The burst of rock shards engulfs the quicksilver dragon!
The burst of rock shards engulfs the salamander mystic.
The burst of rock shards engulfs you but does no damage.
The burst of rock shards engulfs the quicksilver dragon!
The burst of rock shards engulfs the naga sharpshooter!
The burst of rock shards engulfs the quicksilver dragon!
The burst of rock shards engulfs the salamander mystic but does no damage.
The burst of rock shards engulfs the quicksilver dragon!
The burst of rock shards engulfs the black mamba!
The burst of rock shards engulfs the naga sharpshooter!!
The burst of rock shards engulfs the quicksilver dragon!!
The salamander mystic completely misses you.
A naga sharpshooter comes into view. It is wielding a +0 trident.
The tremorstone explodes into fragments!
The burst of rock shards engulfs the quicksilver dragon.
The burst of rock shards engulfs the naga sharpshooter!
You kill the naga sharpshooter!
The burst of rock shards engulfs the quicksilver dragon!
The burst of rock shards engulfs the salamander mystic!
The burst of rock shards engulfs the naga sharpshooter!
The burst of rock shards engulfs the black mamba!!
You kill the black mamba!
The burst of rock shards engulfs you but does no damage.
The burst of rock shards engulfs the quicksilver dragon but does no damage.
The burst of rock shards engulfs the naga sharpshooter!
The burst of rock shards engulfs the quicksilver dragon! x2
The burst of rock shards engulfs the naga sharpshooter.
The burst of rock shards engulfs the quicksilver dragon!
You feel a bit more experienced.
The burst of rock shards engulfs the salamander mystic!
The burst of rock shards engulfs the quicksilver dragon but does no damage.
The burst of rock shards engulfs the quicksilver dragon!
The burst of rock shards engulfs the naga sharpshooter!
The tin is emptied!
Aiming: Corrosive Bolt
Press: ? - help, Shift-Dir - straight line, f - quicksilver dragon
Aim: a quicksilver dragon (almost dead, 60% to hit)
The bolt of acid hits the quicksilver dragon!!
The acid corrodes the quicksilver dragon!
You kill the quicksilver dragon!
The bolt of acid hits the salamander mystic!!
You kill the salamander mystic!
The bolt of acid hits the quicksilver dragon!!
You kill the quicksilver dragon!
The naga sharpshooter spits poison at you.
The splash of poison misses you.
The naga sharpshooter unwields a +0 trident.
The naga sharpshooter wields a +0 longbow.
The naga sharpshooter shoots an arrow.
You block the arrow.
The naga sharpshooter shoots an arrow.
The arrow closely misses you.
A nagaraja comes into view. It is wielding a +0 spear of venom.
Things that are here:
a +0 quarterstaff; a +0 robe; a salamander corpse
Found a quarterstaff and 19 gold pieces.
A salamander tyrant opens the door.
The naga sharpshooter shoots an arrow.
The arrow hits you!
You slash the naga sharpshooter!
Lightning courses through the naga sharpshooter!
You kill the naga sharpshooter!
The nagaraja gestures at you while chanting.
The poison arrow hits you!
You are poisoned.
You partially resist.
Your Shields skill increases to level 13!
The nagaraja mumbles some strange words.
The nagaraja seems to speed up.
Things that are here:
a +0 quarterstaff; a +0 robe; a salamander corpse The salamander tyrant gazes fiercely through you!
You feel your attacks grow feeble.
There is an open door here.
As you close the door, it creaks loudly!
A salamander tyrant opens the door.
You are no longer poisoned.
Your attacks no longer feel as feeble.
The salamander tyrant gazes fiercely through you!
You feel your attacks grow feeble.
The salamander tyrant gazes fiercely through you!
You feel as though you will be weak longer.
The salamander tyrant gazes fiercely through you!
You feel as though you will be weak longer.
The salamander tyrant rends the earth beneath you!
The blast of magma engulfs you!!! You partially resist.
* * * LOW HITPOINT WARNING * * *
Why would you want to do that?
Unknown command.
The salamander tyrant gazes fiercely through you!
You feel as though you will be weak longer.
The salamander tyrant rends the earth beneath you!
The blast of magma engulfs you!! You partially resist.
* * * LOW HITPOINT WARNING * * *
There is an open door here.
As you close the door, it creaks loudly!
There is an open door, spattered with blood here.
Items here: ( )) ÷.
There is a stone staircase leading up here.
You climb upwards.
There is a stone staircase leading down here.
You are healed.
You are healed.
You are healed.
You are healed.
You can no longer call upon Elyvilon for divine vigour.
You are healed.
You are healed.
You are healed.
You are healed.
You are healed.
You climb downwards.
There is a stone staircase leading up here.
You climb upwards.
There is a stone staircase leading down here.
Your attacks no longer feel as feeble.
Magic restored.
You see here a +0 broad axe.
Things that are here:
a +0 robe; a +0 scimitar Done exploring.
Done exploring.
Done exploring.
Done exploring.
Done exploring.
(D) Dungeon (T) Temple (L) Lair (A) Shoals (P) Snake Pit (M) Slime Pits (O) Orcish Mines (E) Elven Halls (V) Vaults (U) Depths
Where to? (Enter - Snake:4, ? - help)
Things that are here:
a +0 robe; a +0 scimitar You see here a +0 broad axe.
There is a stone staircase leading down here.
You climb downwards.
There is a stone staircase leading up here.
Items here: (( )))).
You open the door.
There is an open door here.
You open the door.
Found 25 arrows.
There is an open door here.
Found a war axe.
u - 15 scrolls of teleportation (gained 3)
You open the door.
There is an open door here.
You open the door.
There is an open door here.
You see here a +0 war axe.
Things that are here:
a +0 robe; a +0 flail
There is a fountain of clear blue water here.
There is a broken door here.
You open the door.
There is an open door here.
You now have 3470 gold pieces (gained 19).
Things that are here:
a +0 robe; a +0 quarterstaff
There is a broken door here.
Items here: ( )) ÷.
Items here: ( )) ÷.
You pick up the serpentine rune and feel its power.
Press } to see all the runes you have collected.
There is an open door here.
There is a fountain of clear blue water here.
You open the door.
There is an open door here.
There is an open door here.
You see here a black mamba skeleton.
Things that are here:
a +0 robe; a +0 quarterstaff; a salamander skeleton You open the door.
Done exploring.
Done exploring.
Key pressed, stopping explore.
Done exploring.
Done exploring.
Done exploring.
Done exploring.
Done exploring.
Done exploring.
(D) Dungeon (T) Temple (L) Lair (A) Shoals (P) Snake Pit (M) Slime Pits (O) Orcish Mines (E) Elven Halls (V) Vaults (U) Depths
Where to? (Enter - Snake:4, ? - help)
A salamander tyrant is nearby!
Unknown command.
The salamander tyrant rends the earth beneath you!
The blast of magma engulfs you! You partially resist.
No reachable target in view!
No reachable target in view!
The salamander tyrant calls gouts of flame from the lava!
The flame surge hits you! You resist.
The salamander tyrant gazes fiercely through you!
You feel your attacks grow feeble.
You slash the salamander tyrant!
Lightning courses through the salamander tyrant!
The salamander tyrant is heavily wounded.
The salamander tyrant hits you but does no damage.
You hit the salamander tyrant but do no damage.
The salamander tyrant is moderately wounded.
The salamander tyrant gazes fiercely through you!
You feel as though you will be weak longer.
You block the salamander tyrant's attack.
You slice the salamander tyrant!!
The salamander tyrant is severely wounded.
The salamander tyrant hits you but does no damage.
You closely miss the salamander tyrant.
The salamander tyrant is severely wounded.
You slash the salamander tyrant!
Lightning courses through the salamander tyrant!
The salamander tyrant is almost dead.
You block the salamander tyrant's attack.
You hit the salamander tyrant.
Lightning courses through the salamander tyrant!
You kill the salamander tyrant!
No target in view!
No target in view!
Done exploring.
Done exploring.
Done exploring.
Done exploring.
Done exploring.
(D) Dungeon (T) Temple (L) Lair (A) Shoals (P) Snake Pit (M) Slime Pits (O) Orcish Mines (E) Elven Halls (V) Vaults (U) Depths
Where to? (Enter - Snake:3, ? - help)
There is an open door here.
There is an open door, spattered with blood here.
Things that are here:
18 arrows; a +0 battleaxe; a +0 longbow
There is a stone staircase leading up here.
You climb upwards.
There is a stone staircase leading down here.
(D) Dungeon (T) Temple (L) Lair (A) Shoals (P) Snake Pit (M) Slime Pits (O) Orcish Mines (E) Elven Halls (V) Vaults (U) Depths
Where to? (Enter - Snake:3, ? - help)
What level of the Shoals? (default 1, ? - help)
Your attacks no longer feel as feeble.
There is a stone staircase leading up here.
You climb upwards.
There is a stone staircase leading down here.
There is a stone staircase leading up here.
You climb upwards.
There is a stone staircase leading down here.
You see here a +0 trident.
There is a staircase back to the Lair here.
You climb upwards.
Welcome back to the Lair of Beasts!
There is a staircase to the Snake Pit here.
There is a stone staircase leading down here.
You climb downwards.
There is a stone staircase leading up here.
There is a staircase to the Shoals here.
You climb downwards.
Welcome to the Shoals!
This branch is very noisy, and so sound travels much less far.
This branch contains the barnacled rune of Zot.
The sea snake hisses angrily.
There is a staircase back to the Lair here.
A sea snake is nearby!
You miss the sea snake. The sea snake closely misses you.
You barely miss the sea snake. The sea snake bites you!
You slash the sea snake!
Lightning courses through the sea snake!
The sea snake is heavily wounded.
The sea snake bites you!
You slice the sea snake!!
The sea snake is severely wounded.
You block the sea snake's attack.
You slice the sea snake!!
You kill the sea snake!
No target in view!
No target in view!
This spell is dangerous to cast!
Memorise Portal Projectile, consuming 3 spell levels and leaving 8?
You start memorising the spell.
You continue memorising. x3
You finish memorising.
Spell assigned to 'c'.
This spell is impossible to cast!
Memorise Disjunction, consuming 8 spell levels and leaving 0?
You start memorising the spell.
You continue memorising. x8
You finish memorising.
Spell assigned to 'd'.
You enter the shallow water.
Moving in this stuff is going to be slow.
A water nymph comes into view.
The water nymph shouts!
A water nymph is nearby!
A water nymph is nearby!
A water nymph is nearby!
You slash the water nymph!
Lightning courses through the water nymph!
The water nymph is severely wounded.
The water nymph closely misses you.
You closely miss the water nymph.
The water nymph is severely wounded.
You block the water nymph's attack.
Splash!
You fall into the shallow water.
Moving in this stuff is going to be slow.
Your unstable footing causes you to fumble your attack.
The water nymph points at you and mumbles some strange words.
The water swirls and strikes you!
Your unstable footing causes you to fumble your attack.
You slice the water nymph!!
You kill the water nymph!
No target in view!
No target in view!
You enter the shallow water.
Moving in this stuff is going to be slow.
You now have 3498 gold pieces (gained 28).
You can now call upon Elyvilon for divine vigour.
You enter the shallow water.
Moving in this stuff is going to be slow.
You now have 3517 gold pieces (gained 19).
Found a stone staircase leading down.
There is a stone staircase leading down here.
You enter the shallow water.
Moving in this stuff is going to be slow.
You enter the shallow water.
Moving in this stuff is going to be slow.
Found a trident.
A harpy comes into view.
The harpy screeches!
A harpy comes into view.
You see here 16 gold pieces.
The harpy misses you. You block the harpy's attack.
You slash the harpy!
The harpy is moderately wounded.
You block the harpy's attack. The harpy claws you but does no damage.
You slice the harpy!!
The harpy is severely wounded.
You block the harpy's attack. x2; The harpy claws you but does no damage.
You block the harpy's attack.
You closely miss the harpy.
The harpy is moderately wounded.
The harpy claws you but does no damage. The harpy misses you.
The harpy claws you! You block the harpy's attack.
A harpy comes into view.
You completely miss the harpy.
The harpy is severely wounded.
The harpy screeches!
The harpy closely misses you. You block the harpy's attack. x2
The harpy claws you but does no damage.
You barely miss the harpy.
The harpy is moderately wounded.
The harpy screeches!
You block the harpy's attack. x2; The harpy claws you.
The harpy claws you but does no damage.
A harpy comes into view.
The harpy screeches!
You slash the harpy! Lightning courses through the harpy!!
You kill the harpy!
You barely miss the harpy.
The harpy is lightly wounded.
You closely miss the harpy.
A harpy comes into view.
You block the harpy's attack. x3; The harpy completely misses you.
The harpy screeches!
The harpy claws you but does no damage. You block the harpy's attack.
The harpy closely misses you. The harpy barely misses you.
The harpy claws you but does no damage. x2
You slash the harpy!
The harpy is heavily wounded.
You slash the harpy! You block the harpy's attack. x3
The harpy closely misses you.
You slash the harpy!
The harpy is heavily wounded.
You hit the harpy.
The harpy claws you but does no damage. x2
You block the harpy's attack. x2; The harpy claws you but does no damage. x3
The harpy misses you. The harpy closely misses you.
The harpy claws you but does no damage.
You slice the harpy!!
You kill the harpy!
You slash the harpy! Lightning courses through the harpy!
You kill the harpy!
You completely miss the harpy. You closely miss the harpy.
You block the harpy's attack. x2; The harpy claws you but does no damage.
You block the harpy's attack. The harpy claws you but does no damage.
The harpy closely misses you.
You slice the harpy!!
The harpy is severely wounded.
The harpy claws you but does no damage. The harpy misses you.
You block the harpy's attack. The harpy closely misses you.
You block the harpy's attack. x2; The harpy barely misses you.
You block the harpy's attack.
You slash the harpy! Lightning courses through the harpy!
You kill the harpy!
You slice the harpy!! The harpy claws you. You block the harpy's attack. x3
You barely miss the harpy.
The harpy is severely wounded.
The harpy claws you but does no damage. You block the harpy's attack.
You slice the harpy!!
You kill the harpy!
You now have 3533 gold pieces (gained 16).
You enter the shallow water.
Moving in this stuff is going to be slow.
Found a flail.
Splash!
You fall into the shallow water.
Moving in this stuff is going to be slow.
Found 12 bolts.
Found a flail.
You are healed.
You are healed.
You are healed.
Magic restored.
You enter the shallow water.
Moving in this stuff is going to be slow.
u - 16 scrolls of teleportation (gained 1)
You now have 3548 gold pieces (gained 15).
n - 11 potions of curing (gained 1)
You enter the shallow water.
Moving in this stuff is going to be slow.
Your pack is full.
You see here a potion of heal wounds.
Your pack is full.
You see here a potion of heal wounds.
Could not pick up an item here; shall I ignore it? [Y]es or [N]o only, please.
Could not pick up an item here; shall I ignore it? [Y]es or [N]o only, please.
Could not pick up an item here; shall I ignore it?
Okay, then.
You can't carry that many items.
Drop what? 52/52 slots (_ for help) (? for menu, Esc to quit)
Okay, then.
Okay, then.
Drop what? 52/52 slots (_ for help) (? for menu, Esc to quit)
You drop 5 scrolls of amnesia.
You enter the shallow water.
Moving in this stuff is going to be slow.
J - a potion of heal wounds
u - 17 scrolls of teleportation (gained 1) Nikola the Mad Inventor comes into view.
He is wielding a +0 rapier of electrocution.
Nikola shouts!
Nikola gestures wildly while chanting.
Nikola blinks!
Nikola moves out of view.
Nikola is nearby!
Nikola is nearby!
Nikola is nearby!
You feel protected.
Nikola gestures wildly while chanting.
Nikola blinks!
Nikola gestures wildly while chanting.
Lightning arcs from Nikola's hands!
The bolt of lightning hits you!!! You resist.
You hear a shout! x3
Nikola gestures wildly while chanting.
Nikola blinks!
Nikola casts a spell.
Nikola blinks!
You slash Nikola! Lightning courses through Nikola!
Nikola is lightly wounded.
Nikola casts a spell.
Nikola blinks!
Nikola mumbles some strange words.
Lightning arcs from Nikola's hands!
The bolt of lightning hits you!!! You resist.
* * * LOW HITPOINT WARNING * * *
A bolt of lightning appears from out of thin air!
The bolt of lightning hits Nikola!
You hear a shout! x2; You hear an angry hiss.
You hear a shout!
You are too injured to fight recklessly!
Found a stone staircase leading down.
Nikola hits you but does no damage.
You slash Nikola! Lightning courses through Nikola!
Nikola is moderately wounded.
Nikola hits you but does no damage.
You completely miss Nikola.
Nikola is moderately wounded.
Nikola mumbles some strange words.
Nikola blinks!
Aiming: Mindburst
Press: ? - help, Shift-Dir - straight line, f - Nikola
Aim: Nikola, wielding a +0 rapier of electrocution, wearing a +0 cloak and wearing a +2 pair of gloves (moderately wounded, chance to affect: 19%)
Okay, then.
Aiming: Iceblast
Press: ? - help, Shift-Dir - straight line, f - Nikola
Aim: Nikola, wielding a +0 rapier of electrocution, wearing a +0 cloak and wearing a +2 pair of gloves (moderately wounded)
The mass of ice explodes!
The iceblast engulfs Nikola!!
Nikola is heavily wounded.
Nikola casts a spell.
Lightning arcs from Nikola's hands!
The bolt of lightning hits you!!! You resist.
* * * LOW HITPOINT WARNING * * *
A bolt of lightning appears from out of thin air!
The bolt of lightning hits Nikola.
Aiming: Iceblast
Press: ? - help, Shift-Dir - straight line, f/p - Nikola
Aim: Nikola, wielding a +0 rapier of electrocution, wearing a +0 cloak and wearing a +2 pair of gloves (heavily wounded)
The mass of ice explodes!
The iceblast engulfs Nikola!!
Nikola is severely wounded.
You slice Nikola!! Lightning courses through Nikola!!
Nikola is almost dead.
You block Nikola's attack.
You slice Nikola!!
Nikola is almost dead.
Nikola hits you with a +0 rapier of electrocution!
* * * LOW HITPOINT WARNING * * *
You closely miss Nikola.
Nikola is almost dead.
You barely miss Nikola.
Nikola is almost dead.
Nikola casts a spell.
Lightning arcs from Nikola's hands!
The bolt of lightning hits you!! You resist.
You die...

≈ ≈≈≈,,,
.≈...≈≈≈≈≈≈≈≈≈≈≈≈≈≈≈ ≈≈≈
≈≈>...(≈≈≈≈≈≈≈≈≈≈≈≈≈≈≈≈≈
≈≈ ≈
≈≈....≈≈≈≈≈≈≈≈≈≈≈≈≈≈≈≈≈≈ ≈
≈≈≈≈≈.......≈≈.≈≈≈≈≈≈≈≈≈≈≈
,≈
≈≈≈........≈...≈≈≈≈≈≈≈≈≈≈
≈≈≈...≈...≈......≈≈≈...≈≈≈
≈ ≈
≈≈≈.....≈.........≈.......
..........≈.......≈.......
,
≈.......@@..##...........
,
≈≈........................
,,
.##.....##.........####.
** ##...####.........####
, , #....# #....≈≈≈≈.....
, #$...# #....≈≈≈...... ,
, ##..## ##........≈≈.. ≈
≈ , .... **#.....).≈≈≈≈≈
,,, .....§ ......≈≈.≈≈≈≈.


You could see Nikola.

Vanquished Creatures
  2 quicksilver dragons (Snake:4)
  Gastronok (Lair:1)
  Kirke (D:12)
  2 nagarajas
  2 orc warlords (Orc:2)
  A minotaur (Gauntlet)
  Fannar (Lair:3)
  8 naga warriors
  9 hydras
  Erolcha (D:9)
  3 salamander tyrants (Snake:4)
  4 vault guards (D:13)
  7 boulder beetles
  7 anacondas
  2 ogre magi
  3 catoblepae
  10 centaur warriors
  A death knight (D:14)
  16 death yaks
  10 two-headed ogres
  A hell hog (Gauntlet)
  3 shock serpents
  4 tengu warriors
  14 naga sharpshooters
  3 orc high priests
  4 skeletal warriors
  A fire crab (Lair:5)
  3 salamander mystics (Snake:4)
  A sea snake (Shoals:1)
  4 naga ritualists
  8 orc knights
  A necromancer (D:15)
  2 wizards (D:15)
  2 deep elf pyromancers
  5 harpies (Shoals:1)
  11 ugly things
  8 orc sorcerers
  11 salamanders
  4 cyclopes
  8 mana vipers
  5 manticores
  9 elephants
  17 naga magi
  A water nymph (Shoals:1)
  27 black mambas
  4 guardian serpents
  3 torpor snails
  A gargoyle (D:14)
  14 cane toads
  A rime drake (Lair:5)
  A kobold demonologist (D:13)
  An unseen horror (D:12)
  A tengu conjurer (D:15)
  10 komodo dragons
  10 polar bears
  A troll (shapeshifter) (D:13)
  10 trolls
  5 hornets
  13 blink frogs
  2 dream sheep (Lair:6)
  A meliai zombie (D:9)
  3 slime creatures (D:13)
  A centaur simulacrum (D:15)
  3 shadows (D:12)
  A wraith (D:11)
  A tarantella (Lair:3)
  13 spriggans
  A human (shapeshifter) (D:14)
  6 basilisks
  4 fire bats
  7 hogs
  A steam dragon (Gauntlet)
  29 yaks
  5 wyverns
  A death yak simulacrum (D:12)
  12 vampire mosquitoes
  25 nagas
  5 wargs (Orc:2)
  An acid dragon (D:11)
  2 hell hounds (Gauntlet)
  21 water moccasins
  8 black bears
  27 orc warriors
  A sky beast (D:7)
  3 necrophages
  5 boggarts
  29 wolves
  11 ogres
  17 centaurs
  2 kobold brigands
  25 bullfrogs
  A scorpion (D:9)
  3 gnoll sergeants
  3 two-headed ogre simulacra (D:12)
  A hornet simulacrum (D:15)
  2 troll zombies (D:12)
  A killer bee (D:11)
  8 wights
  3 howler monkeys
  6 centaur zombies
  A bullfrog zombie (D:3)
  A jelly (D:5)
  9 hounds
  18 orc priests
  4 centaur skeletons
  3 gnoll shamans
  2 bullfrog skeletons
  7 iguanas
  19 orc wizards
  3 spriggan simulacra (D:12)
  6 hell rats
  A polar bear simulacrum (D:12)
  4 ogre zombies (D:12)
  A hound skeleton (D:4)
  4 howler monkey zombies
  35 gnolls
  11 adders
  10 river rats (Lair:4)
  2 white imps
  2 worms
  A dart slug (D:4)
  70 orcs
  5 bats
  3 endoplasms
  6 giant cockroaches
  5 goblins
  8 hobgoblins
  9 jackals
  20 kobolds
  7 quokkas
  6 ball pythons
  7 frilled lizards
  4 goblin zombies (D:12)
  5 hobgoblin zombies (D:12)
  An orc skeleton (D:12)
  9 orc zombies (D:12)
  6 rats
939 creatures vanquished.

Vanquished Creatures (others)
  2 orc priests (Orc:2)
  4 demonic plants (Gauntlet)
  128 fungi
  132 plants
266 creatures vanquished.

Grand Total: 1205 creatures vanquished

Notes
Turn   | Place    | Note
-------+----------+-------------------------------------------
     0 | D:1      | sleeves the Deep Dwarf Monk began the quest for the Orb.
     0 | D:1      | Reached XP level 1. HP: 20/20 MP: 1/1
   178 | D:1      | Reached XP level 2. HP: 24/27 MP: 2/2
   228 | D:1      | Reached skill level 4 in Axes
   567 | D:1      | Found a faded altar of an unknown god.
   864 | D:2      | HP: 13/26 [frilled lizard (1)]
   870 | D:2      | Reached XP level 3. HP: 15/33 MP: 3/3
   933 | D:2      | Reached skill level 5 in Axes
  1511 | D:2      | Reached XP level 4. HP: 31/40 MP: 3/3
  2019 | D:3      | Reached skill level 6 in Axes
  2019 | D:3      | HP: 20/40 [orc (2)]
  2024 | D:3      | HP: 18/40 [orc wizard (1)]
  2029 | D:3      | HP: 20/40 [something/puff of flame (12)]
  2038 | D:3      | HP: 19/40 [something (1)]
  2040 | D:3      | Reached XP level 5. HP: 22/46 MP: 4/4
  2089 | D:3      | Reached skill level 7 in Axes
  2371 | D:4      | Reached XP level 6. HP: 36/55 MP: 5/5
  2784 | D:5      | Entered Level 5 of the Dungeon
  2846 | D:5      | HP: 27/55 [adder (1)]
  2922 | D:5      | HP: 26/55 [orc (1)]
  3030 | D:5      | Reached skill level 8 in Axes
  3030 | D:5      | Reached skill level 1 in Throwing
  3168 | D:5      | Reached skill level 2 in Throwing
  3168 | D:5      | Reached XP level 7. HP: 53/61 MP: 0/6
  3793 | D:6      | Reached skill level 3 in Throwing
  3992 | D:6      | Reached skill level 9 in Axes
  4084 | D:5      | HP: 27/59 [wight (4)]
  4089 | D:5      | HP: 18/59 [wight (3)]
  4194 | D:6      | Reached skill level 4 in Throwing
  4194 | D:6      | Reached XP level 8. HP: 59/68 MP: 0/7
  4298 | D:6      | Reached skill level 10 in Axes
  4353 | D:6      | Found a broken altar of Ashenzari.
  4368 | D:6      | Reached skill level 5 in Throwing
  4411 | D:6      | HP: 34/68 [black bear (2)]
  4453 | D:6      | Found Uqauc's Antique Armour Boutique.
  4545 | D:7      | Found a staircase to the Ecumenical Temple.
  4559 | D:7      | HP: 34/68 [something (2)]
  4586 | D:7      | HP: 28/68 [something (2)]
  4616 | Temple   | Entered the Ecumenical Temple
  4685 | Temple   | Became a worshipper of Elyvilon the Healer
  4685 | Temple   | Reached * piety under Elyvilon
  4685 | Temple   | Reached ** piety under Elyvilon
  4735 | D:7      | Found a bloodstained altar of Trog.
  4735 | D:7      | Noticed Demosthentine's ghost (novice MfGl)
  4847 | D:7      | Noticed a moth of wrath
  4856 | D:7      | Found a transporter.
  4862 | D:7      | Found a transporter.
  4936 | D:7      | Reached skill level 6 in Throwing
  4936 | D:7      | Reached skill level 1 in Invocations
  5021 | D:7      | Reached skill level 2 in Invocations
  5021 | D:7      | Gained mutation: You passively map the area around you.
                  | [Deep Dwarf growth]
  5021 | D:7      | Reached XP level 9. HP: 40/74 MP: 0/8
  5041 | D:7      | HP: 34/74 [gnoll shaman (6)]
  5048 | D:7      | HP: 25/72 [gnoll (1)]
  5057 | D:7      | HP: 33/66 [wight (3)]
  5059 | D:7      | Reached skill level 11 in Axes
  5070 | D:7      | HP: 16/65 [wight (8)]
  5083 | D:6      | Reached skill level 3 in Invocations
  5723 | D:8      | Reached skill level 4 in Invocations
  5807 | D:8      | Reached skill level 5 in Invocations
  5899 | D:8      | HP: 35/71 [gnoll shaman (1)]
  5913 | D:8      | HP: 33/74 [gnoll (1)]
  5924 | D:8      | HP: 30/74 [gnoll (1)]
  5961 | D:8      | Reached skill level 6 in Invocations
  5972 | D:8      | HP: 37/74 [gnoll sergeant (1)]
  6029 | D:8      | Found Foisas's Antique Weapon Shop.
  6057 | D:8      | HP: 33/74 [orc (3)]
  6065 | D:8      | Reached skill level 7 in Invocations
  6066 | D:8      | HP: 29/74 [kobold brigand (2)]
  6072 | D:8      | HP: 24/74 [kobold (3)]
  6082 | D:8      | HP: 20/74 [kobold (1)]
  6313 | D:8      | Reached skill level 8 in Invocations
  6438 | D:8      | Identified the +8 whip of Immorality {holy, rElec rF++
                  | Str-4 Int+4}
  6534 | D:8      | HP: 36/74 [wolf (3)]
  6537 | D:8      | Reached skill level 9 in Invocations
  6896 | D:9      | Found Mejysur's Distillery.
  6946 | D:9      | Reached *** piety under Elyvilon
  7014 | D:9      | Reached skill level 1 in Evocations
  7052 | D:9      | Found a staircase to the Lair.
  7053 | D:9      | Noticed a two-headed ogre
  7091 | D:9      | Reached skill level 1 in Armour
  7102 | D:9      | Killed a two-headed ogre
  7103 | D:9      | Reached skill level 2 in Armour
  7103 | D:9      | Reached skill level 3 in Evocations
  7103 | D:9      | Reached XP level 10. HP: 52/81 MP: 13/15
  7179 | D:9      | Reached skill level 3 in Armour
  7211 | D:9      | Reached skill level 4 in Evocations
  7213 | D:9      | HP: 39/81 [yak (4)]
  7220 | D:9      | Reached skill level 10 in Invocations
  7266 | D:9      | HP: 35/81 [meliai zombie (6)]
  7385 | D:9      | Noticed Erolcha
  7407 | D:9      | Reached skill level 4 in Armour
  7409 | D:9      | Reached skill level 5 in Evocations
  7419 | D:9      | Killed Erolcha
  7449 | D:9      | Noticed a two-headed ogre
  7502 | D:9      | Killed a two-headed ogre
  7503 | D:9      | Reached skill level 5 in Armour
  7503 | D:9      | Reached skill level 11 in Invocations
  7503 | D:9      | Reached skill level 6 in Evocations
  7816 | D:9      | HP: 39/81 [troll (11)]
  8068 | D:9      | Noticed a centaur warrior
  8082 | D:9      | Killed a centaur warrior
  8083 | D:9      | Reached skill level 6 in Armour
  8083 | D:9      | Reached skill level 7 in Evocations
  8199 | D:10     | Entered Level 10 of the Dungeon
  8259 | D:10     | Noticed a centaur warrior
  8269 | D:10     | HP: 36/81 [centaur warrior (7)]
  8275 | D:10     | Killed a centaur warrior
  8276 | D:10     | Reached skill level 1 in Shields
  8276 | D:10     | Reached XP level 11. HP: 30/88 MP: 15/17
  8533 | D:10     | HP: 38/88 [cyclops (14)]
  8655 | D:10     | Reached skill level 2 in Shields
  8686 | D:10     | Reached skill level 12 in Invocations
  8686 | D:10     | Reached skill level 8 in Evocations
  8694 | D:10     | HP: 43/88 [yak (9)]
  8699 | D:10     | HP: 34/88 [yak (2)]
  8707 | D:10     | HP: 28/88 [yak (2)]
  9712 | D:11     | Noticed a two-headed ogre
  9735 | D:11     | Noticed a centaur warrior
  9752 | D:11     | HP: 41/88 [centaur warrior (5)]
  9760 | D:11     | HP: 35/88 [centaur warrior (2)]
  9767 | D:11     | HP: 38/88 [centaur warrior (1)]
  9770 | D:11     | Killed a centaur warrior
  9771 | D:11     | Reached skill level 3 in Shields
  9869 | D:11     | Noticed a two-headed ogre
  9922 | D:11     | Killed a two-headed ogre
 10066 | D:11     | Killed a two-headed ogre
 10131 | D:11     | Found Bimean's Distillery.
 10139 | D:11     | Bought a potion of heal wounds for 75 gold pieces
 10162 | D:11     | Found a large runed translucent door.
 10162 | D:11     | Found a large runed translucent door.
 10167 | D:11     | Found a large runed translucent door.
 10167 | D:11     | Found a large runed translucent door.
 10168 | D:11     | Noticed a four-headed hydra
 10168 | D:11     | Noticed a six-headed hydra
 10376 | D:11     | Reached skill level 7 in Throwing
 10376 | D:11     | Reached skill level 4 in Shields
 10376 | D:11     | Reached skill level 9 in Evocations
 10452 | D:11     | Noticed a deep elf pyromancer
 10470 | D:11     | Killed a deep elf pyromancer
 10525 | D:11     | HP: 38/88 [troll (13)]
 10583 | D:11     | Reached **** piety under Elyvilon
 10583 | D:11     | Noticed a two-headed ogre
 10612 | D:11     | HP: 40/88 [two-headed ogre (13)]
 10662 | D:11     | Killed a two-headed ogre
 10663 | D:11     | Reached skill level 13 in Invocations
 10899 | D:11     | Noticed a centaur warrior
 10900 | D:11     | Noticed a centaur warrior
 10901 | D:11     | HP: 43/88 [centaur warrior/arrow (17)]
 10904 | D:11     | Noticed a purple ugly thing
 10905 | D:11     | HP: 14/88 [centaur warrior/arrow (14)]
 10906 | D:11     | Killed a centaur warrior
 10907 | D:11     | Reached skill level 10 in Evocations
 10910 | D:11     | HP: 34/88 [centaur warrior (3)]
 10937 | D:11     | Killed a centaur warrior
 10951 | D:11     | HP: 40/88 [purple ugly thing (10)]
 10955 | D:11     | Killed a purple ugly thing
 10972 | D:11     | HP: 44/88 [centaur[a boggart] (3)]
 10977 | D:11     | HP: 39/88 [centaur[a boggart] (4)]
 10983 | D:11     | HP: 38/88 [howler monkey[a boggart] (1)]
 11142 | D:11     | Reached XP level 12. HP: 62/96 MP: 20/20
 11293 | D:11     | Noticed a boulder beetle
 11298 | D:11     | HP: 35/96 [cyclops (22)]
 11310 | D:11     | HP: 19/96 [cyclops/large rock (31)]
 11314 | D:11     | Reached skill level 8 in Throwing
 11317 | D:11     | HP: 14/96 [boulder beetle (5)]
 11326 | D:11     | Killed a boulder beetle
 11423 | D:11     | Noticed an ogre mage
 11434 | D:11     | Paralysed by an ogre mage for 4 turns
 11441 | D:11     | Killed an ogre mage
 11548 | Lair:1   | Entered Level 1 of the Lair of Beasts
 11665 | D:9      | Reached skill level 14 in Invocations
 11768 | Lair:1   | Reached skill level 11 in Evocations
 11792 | D:9      | HP: 47/96 [yak (3)]
 11802 | D:9      | HP: 39/96 [yak (7)]
 12042 | Lair:1   | Noticed Gastronok
 12081 | Lair:1   | HP: 37/96 [blink frog (12)]
 12086 | Lair:1   | HP: 34/96 [blink frog (10)]
 12092 | Lair:1   | HP: 38/96 [blink frog (1)]
 12097 | Lair:1   | HP: 19/96 [blink frog (4)]
 12245 | Lair:1   | Killed Gastronok
 12481 | Lair:1   | HP: 45/96 [yak (10)]
 12483 | Lair:1   | Reached skill level 7 in Armour
 12634 | Lair:1   | Noticed bande's ghost (journeyman GrFi)
 12636 | Lair:1   | Found a runed translucent door.
 13007 | Lair:2   | Noticed a death yak
 13008 | Lair:2   | Noticed a death yak
 13008 | Lair:2   | Noticed a death yak
 13008 | Lair:2   | Noticed a death yak
 13008 | Lair:2   | Noticed a death yak
 13008 | Lair:2   | Noticed a death yak
 13613 | Lair:1   | HP: 39/96 [death yak (18)]
 13616 | Lair:1   | Killed a death yak
 13617 | Lair:1   | Reached skill level 9 in Throwing
 13790 | Lair:1   | HP: 47/96 [death yak (5)]
 13798 | Lair:1   | Killed a death yak
 13934 | D:9      | HP: 47/96 [death yak (16)]
 13994 | D:9      | Killed a death yak
 13995 | D:9      | Reached skill level 12 in Evocations
 14128 | Lair:1   | HP: 45/96 [death yak (14)]
 14129 | Lair:1   | Killed a death yak
 14255 | Lair:1   | HP: 42/96 [death yak (19)]
 14294 | Lair:1   | HP: 41/96 [death yak (1)]
 14317 | Lair:1   | HP: 38/96 [death yak (3)]
 14351 | Lair:1   | Killed a death yak
 14459 | Lair:2   | HP: 31/96 [polar bear (21)]
 14629 | Lair:2   | Killed a death yak
 14630 | Lair:2   | Reached skill level 15 in Invocations
 14630 | Lair:2   | Reached XP level 13. HP: 58/102 MP: 22/22
 14829 | Lair:2   | Reached skill level 12 in Axes
 14836 | Lair:2   | Reached skill level 8 in Armour
 15102 | Lair:3   | Noticed Fannar
 15140 | Lair:3   | HP: 35/102 [Fannar/bolt of cold (18)]
 15141 | Lair:3   | Killed Fannar
 15145 | Lair:3   | Reached skill level 3 in Fighting
 15147 | Lair:3   | HP: 18/103 [blink frog (8)]
 15152 | Lair:3   | HP: 47/103 [blink frog (1)]
 15221 | Lair:2   | HP: 49/103 [yak[a torpor snail] (12)]
 15427 | Lair:3   | You fall into a shaft and drop 3 floors!
 15427 | Lair:6   | Entered Level 6 of the Lair of Beasts
 15427 | Lair:6   | Found a stormy altar of Qazlal.
 15619 | Lair:5   | Reached skill level 4 in Fighting
 15619 | Lair:5   | Reached skill level 9 in Armour
 15627 | Lair:5   | HP: 51/105 [polar bear (12)]
 15699 | Lair:5   | Reached skill level 10 in Throwing
 15786 | Lair:5   | HP: 52/105 [poisoned by a black mamba]
 15854 | Lair:3   | Found a staircase to the Snake Pit.
 15869 | Lair:3   | HP: 50/105 [constriction (3)]
 15946 | Lair:3   | HP: 34/106 [polar bear (23)]
 16667 | Lair:4   | HP: 52/108 [elephant (8)]
 16677 | Lair:4   | HP: 43/108 [elephant (7)]
 16681 | Lair:4   | Reached skill level 13 in Axes
 16684 | Lair:4   | HP: 42/108 [elephant (1)]
 17096 | Lair:4   | Reached skill level 5 in Fighting
 17142 | Lair:4   | Found a staircase to the Shoals.
 17333 | Lair:4   | Identified the +2 flail "Vuaraev" {vamp, Will+}
 17619 | Lair:5   | Noticed Sonja
 17620 | Lair:5   | Noticed Sonja
 17620 | Lair:5   | Sonja changed into Sonja the fire bat
 17630 | Lair:5   | HP: 52/109 [fire crab (5)]
 17639 | Lair:5   | Killed Sonja the fire bat
 17643 | Lair:5   | HP: 41/109 [cane toad (16)]
 17649 | Lair:5   | HP: 31/109 [torpor snail (5)]
 17658 | Lair:5   | HP: 25/109 [torpor snail (4)]
 17740 | Lair:5   | Reached skill level 10 in Armour
 17870 | Lair:5   | Gained mutation: You resist negative energy. (rN+) [Deep
                  | Dwarf growth]
 17870 | Lair:5   | Reached XP level 14. HP: 87/117 MP: 23/23
 18625 | Lair:5   | HP: 48/117 [death yak (11)]
 18807 | Lair:6   | Reached skill level 11 in Throwing
 18831 | Lair:5   | HP: 57/117 [death yak (4)]
 18936 | Lair:5   | Reached skill level 14 in Axes
 19131 | Lair:6   | HP: 57/117 [catoblepas (8)]
 19229 | Lair:6   | HP: 55/117 [cane toad (6)]
 19235 | Lair:6   | HP: 55/117 [polar bear (6)]
 19241 | Lair:6   | HP: 41/117 [spriggan (1)]
 19247 | Lair:6   | HP: 36/117 [something/blast of calcifying dust (5)]
 19956 | Lair:6   | HP: 55/117 [spriggan rider (21)]
 20212 | Lair:6   | Reached skill level 12 in Throwing
 20218 | Lair:6   | HP: 55/117 [polar bear (13)]
 20349 | Lair:6   | Reached skill level 15 in Axes
 20571 | Lair:6   | HP: 53/115 [four-headed hydra (9)]
 20719 | Lair:6   | HP: 57/117 [elephant (13)]
 21242 | Lair:6   | Identified a scroll of acquirement
 21243 | Lair:6   | Acquired 883 gold pieces
 21480 | D:12     | Reached skill level 6 in Fighting
 21480 | D:12     | Reached skill level 4 in Dodging
 21635 | D:12     | HP: 58/120 [manticore (5)]
 21672 | D:12     | Found a gate leading to a gauntlet.
 21689 | D:12     | HP: 59/120 [troll zombie (3)]
 21692 | D:12     | HP: 29/120 [troll zombie (7)]
 21698 | D:12     | HP: 38/120 [orc priest/divine providence (11)]
 21700 | D:12     | Noticed Kirke
 21710 | D:12     | HP: 58/120 [hog[Kirke] (4)]
 21719 | D:12     | Killed Kirke
 21722 | D:12     | HP: 45/120 [two-headed ogre (17)]
 21777 | Gauntlet | Entered a Gauntlet
 21777 | Gauntlet | Found a transporter.
 21777 | Gauntlet | Found a transporter.
 21777 | Gauntlet | Found a transporter.
 21787 | Gauntlet | Found a transporter.
 21790 | Gauntlet | Found a transporter.
 21797 | Gauntlet | Found a runed translucent door.
 21800 | Gauntlet | Found a transporter.
 21801 | Gauntlet | Found a transporter.
 21809 | Gauntlet | Found a transporter.
 21827 | Gauntlet | Found a transporter.
 21844 | Gauntlet | Found a transporter.
 21847 | Gauntlet | Found a transporter.
 21857 | Gauntlet | Found a transporter.
 22002 | Gauntlet | HP: 58/121 [hell hound (4)]
 22005 | Gauntlet | Reached XP level 15. HP: 61/127 MP: 18/18
 22022 | Gauntlet | Identified the ring of the Thistle {Ice Str+3}
 22048 | Gauntlet | Acquired the ring of Kovotz {rF++ rCorr MP+9 EV+4}
 22122 | Gauntlet | Reached skill level 5 in Dodging
 22244 | D:12     | Found a staircase to the Orcish Mines.
 22314 | D:12     | HP: 59/127 [death yak simulacrum (10)]
 22326 | D:12     | HP: 51/127 [polar bear simulacrum (2)]
 22828 | D:13     | HP: 59/127 [vampire mosquito (7)]
 22835 | D:13     | HP: 58/128 [hellwing[a kobold demonologist] (1)]
 22922 | D:13     | Found a gate to the Vaults.
 22939 | D:13     | HP: 59/128 [vault guard (20)]
 22968 | D:13     | HP: 28/128 [boulder beetle (30)]
 23031 | D:13     | HP: 63/128 [four-headed hydra (8)]
 23041 | D:13     | HP: 44/128 [boulder beetle (35)]
 23200 | D:13     | HP: 62/128 [vault guard (12)]
 23223 | D:13     | HP: 56/128 [vault guard (5)]
 23231 | D:13     | HP: 52/128 [centaur warrior/arrow (4)]
 23256 | D:13     | HP: 19/128 [vampire mosquito (7)]
 23297 | Orc:1    | Entered Level 1 of the Orcish Mines
 23358 | Orc:1    | Found Caonac's Antique Armour Shoppe.
 23368 | Orc:1    | Bought a jewelled kite shield for 275 gold pieces
 23368 | Orc:1    | Identified the +3 kite shield "Poames" {Slay+6} (You bought
                  | it in a shop on level 1 of the Orcish Mines)
 23368 | Orc:1    | Bought a pair of glowing gloves for 217 gold pieces
 23555 | Orc:2    | Entered Level 2 of the Orcish Mines
 23555 | Orc:2    | Found Qeaclak's Antique Armour Shop.
 23652 | Orc:1    | HP: 53/118 [orc knight (14)]
 23753 | Orc:2    | Bought an ancient helmet for 332 gold pieces
 23753 | Orc:2    | Identified the +0 helmet of Igevom {rPois rF- Will++ rCorr}
                  | (You bought it in a shop on level 2 of the Orcish Mines)
 23842 | Orc:2    | Found a staircase to the Elven Halls.
 23901 | Orc:2    | HP: 37/116 [orc knight (21)]
 23967 | D:12     | Reached skill level 7 in Fighting
 24054 | Orc:1    | HP: 54/120 [orc knight (24)]
 24086 | Orc:1    | HP: 40/120 [orc knight (4)]
 24120 | Orc:1    | Reached skill level 6 in Dodging
 24236 | Orc:2    | Noticed an orc warlord
 24309 | Orc:1    | Reached skill level 16 in Invocations
 24439 | Orc:2    | Found Muff's Antique Weapon Boutique.
 24526 | Orc:1    | HP: 61/124 [troll (3)]
 24645 | Orc:2    | Found Voun's Book Boutique.
 24769 | Orc:2    | Found Ceyloezurr's Book Shoppe.
 24826 | Orc:2    | Found Eho Kumubiv's General Store.
 24867 | Orc:2    | Noticed an orc warlord
 24928 | Orc:2    | HP: 62/129 [orc warlord (22)]
 24933 | Orc:2    | Killed an orc warlord
 24934 | Orc:2    | Reached skill level 5 in Shields
 24940 | Orc:2    | HP: 52/129 [orc priest/divine providence[an orc warlord]
                  | (7)]
 24947 | Orc:2    | HP: 41/129 [orc[an orc warlord] (1)]
 25046 | Orc:2    | Killed an orc warlord
 25047 | Orc:2    | Reached skill level 16 in Axes
 25102 | Orc:2    | HP: 64/129 [something (2)]
 25197 | Orc:2    | HP: 63/129 [orc knight (8)]
 25233 | Orc:2    | HP: 61/129 [orc knight (17)]
 25243 | Orc:2    | HP: 48/129 [orc knight (13)]
 26092 | D:13     | Reached skill level 6 in Shields
 26167 | D:13     | HP: 59/132 [cyan ugly thing (11)]
 26242 | D:13     | Reached skill level 8 in Fighting
 26507 | D:13     | Reached skill level 17 in Invocations
 26850 | D:14     | Reached skill level 7 in Shields
 26858 | D:14     | HP: 57/133 [death knight (11)]
 27197 | D:14     | HP: 66/134 [manticore (5)]
 27202 | D:14     | HP: 60/134 [manticore (1)]
 27333 | D:15     | Entered Level 15 of the Dungeon
 27474 | D:15     | Found a shadowy altar of Dithmenos.
 27506 | D:14     | Reached XP level 16. HP: 77/141 MP: 17/17
 27624 | D:15     | HP: 63/142 [two-headed ogre (13)]
 27629 | D:15     | HP: 58/142 [two-headed ogre (5)]
 27857 | D:15     | HP: 67/142 [skeletal warrior (5)]
 27863 | D:14     | HP: 66/142 [skeletal warrior (1)]
 27869 | D:14     | HP: 54/142 [skeletal warrior (10)]
 27992 | D:15     | Reached skill level 9 in Fighting
 27992 | D:15     | Reached skill level 8 in Shields
 28430 | D:15     | HP: 70/141 [orc sorcerer/bolt of negative energy (3)]
 28487 | D:15     | Found a staircase to the Depths.
 28591 | D:15     | HP: 71/144 [tengu warrior[a tengu conjurer] (3)]
 28596 | D:15     | HP: 60/144 [tengu conjurer/bolt of lightning (11)]
 29153 | D:6      | Bought a glowing cloak for 187 gold pieces
 29285 | Snake:1  | Entered Level 1 of the Snake Pit
 29379 | Snake:1  | Reached skill level 18 in Invocations
 29448 | Snake:1  | HP: 71/144 [naga sharpshooter/bolt (10)]
 29502 | Snake:1  | Reached skill level 9 in Shields
 29534 | Snake:1  | Acquired the +4 pair of boots "Wodwawk" {Str+4 Int+3 SInv
                  | Stlth-}
 29544 | Snake:1  | Acquired a manual of Translocations
 29748 | Snake:1  | Learned a level 2 spell: Blink
 29755 | Snake:1  | Learned a level 3 spell: Lesser Beckoning
 30067 | Snake:1  | Reached ***** piety under Elyvilon
 30425 | Snake:2  | Reached skill level 10 in Fighting
 30925 | Snake:2  | Reached skill level 10 in Shields
 31317 | Snake:3  | Acquired a +3 broad axe of electrocution
 31543 | Snake:3  | Reached skill level 19 in Invocations
 32220 | Snake:4  | Entered Level 4 of the Snake Pit
 32247 | Snake:3  | Reached skill level 11 in Shields
 32271 | Snake:4  | Reached XP level 17. HP: 84/154 MP: 19/19
 32271 | Snake:4  | HP: 77/154 [salamander mystic (7)]
 32604 | Snake:4  | HP: 77/154 [shock serpent/electric aura (6)]
 32605 | Snake:4  | HP: 36/154 [shock serpent/bolt of electricity (13)]
 32611 | Snake:4  | HP: 72/154 [naga sharpshooter/bolt (8)]
 32684 | Snake:4  | Found Vessaoco's Jewellery Emporium.
 32693 | Snake:4  | Bought the amulet of the Four Winds {rN+ Will+++ Clar} for
                  | 921 gold pieces
 32693 | Snake:4  | Found the amulet of the Four Winds {rN+ Will+++ Clar}
 32960 | Snake:4  | Reached skill level 20 in Invocations
 32986 | Snake:4  | HP: 74/154 [salamander tyrant (12)]
 32992 | Snake:4  | Reached skill level 12 in Shields
 32993 | Snake:4  | HP: 52/154 [salamander (8)]
 33157 | Snake:4  | Noticed a quicksilver dragon
 33158 | Snake:4  | Noticed a quicksilver dragon
 33161 | Snake:4  | Killed a quicksilver dragon
 33161 | Snake:4  | Killed a quicksilver dragon
 33166 | Snake:4  | Reached skill level 13 in Shields
 33201 | Snake:4  | HP: 67/154 [salamander tyrant (35)]
 33416 | Snake:4  | Got a serpentine rune of Zot
 33613 | Shoals:1 | Entered Level 1 of the Shoals
 33624 | Shoals:1 | Learned a level 3 spell: Portal Projectile
 33633 | Shoals:1 | Learned a level 8 spell: Disjunction
 33796 | Shoals:1 | Noticed Nikola
 33806 | Shoals:1 | HP: 68/154 [Nikola/arc of chain lightning (45)]
 33813 | Shoals:1 | HP: 27/154 [Nikola (9)]
 33815 | Shoals:1 | Killed from afar by Nikola

Illustrated notes

Levels and vault maps discovered:
D:1:      minmay_arrival_shattered_statue, layout_basic,
          hellmonk_ecumenical_altar_defaced_shrine
D:2:      wad_lake_hut, layout_rooms, serial_curves, eino_curves_01,
          eino_curves_02, eino_curves_01
D:3:      layout_basic
D:4:      layout_rooms, minmay_ruptured
D:5:      layout_loops_corners
D:6:      minmay_diamond_boxcup, layout_rooms, evilmike_ruin_ashenzari,
          nicolae_stop_n_shop_2
D:7:      layout_loops_cross, minmay_temple_entry_purple_smoke,
          gammafunk_ghost_wrathful_warriors
D:8:      layout_cave_pools, serial_gnoll_camp, gnoll_camp_mini_hut,
          gnoll_camp_mini_loothouse, gnoll_camp_mini_shop,
          gnoll_camp_mini_doghouse, gnoll_camp_medium_02, gnoll_camp_medium_01
D:9:      layout_loops_ring, due_lair_maze_entry_diamond, serial_shops,
          nicolae_stop_n_shop_2, small_chamber_with_monster, uniq_erolcha
D:10:     layout_basic, kennysheep_generic_room_12
D:11:     kennysheep_blocky_room, layout_basic, serial_shops, shop,
          chequers_serial_rivers_micro_d, minmay_hollow_rounded_squares
D:12:     layout_rooms, zombieorc1_lemuel, portal_ice_cave_entry_ice_simulacra,
          gauntlet_entry_generic, uniq_kirke
D:13:     layout_irregular_city, lightli_vaults_fourway_checkpoint, hex_medium
D:14:     layout_roguey, kennysheep_pointless_box
D:15:     grunt_enter_depths_magical_seal, layout_basic,
          chequers_serial_rivers_large_a, nicolae_dithmenos_shadow_blocks
Temple:   grunt_wide_crystal_templ
Lair:1:   layout_big_grid, ebering_ghost_inner_flame, minmay_stone_trees_medium,
          uniq_gastronok
Lair:2:   beast_lair_carwin_large_1, layout_regular_city
Lair:3:   layout_hall_layers, minmay_snake_entry_guardpost_small, st_stairs_11,
          uniq_fannar
Lair:4:   layout_regular_city, minmay_shoals_entry_centaurs, kennysheep_rathole
Lair:5:   nzn_winding_woodlands_medium [nzn_winding_woodlands_5x5_cross,
          nzn_winding_woodlands_5x15_river_crossing,
          nzn_winding_woodlands_5x5_closed_star,
          nzn_winding_woodlands_hourglass,
          nzn_winding_woodlands_center_diamonds,
          nzn_winding_woodlands_5x5_perimeter, nzn_winding_woodlands_5x5_three,
          nzn_winding_woodlands_5x15_sidewinder,
          nzn_winding_woodlands_5x5_open_star], layout_cave_pods, uniq_sonja
Lair:6:   minmay_lair_end_enchanted_forest, layout_regular_city,
          minmay_slime_entry_oklob_enclosed, basic_altar
Shoals:1: layout_shoals, uniq_nikola, uniq_donald, uniq_roxanne
Snake:1:  layout_grid_maze
Snake:2:  layout_onion, fake_guardian_serpent_vault, serial_bayou_shore_b
Snake:3:  layout_cave_pods, lemuel_fruit_tree
Snake:4:  hellmonk_snake_rune_quicksilver_temple, layout_cave_town,
          serial_shops, shop
Orc:1:    layout_caves, serial_shops, shop_fountains, lightli_orcish_oven
Orc:2:    grunt_orc_gardens, layout_caves, grunt_orc_garden, grunt_orc_garden,
          grunt_orc_garden, grunt_orc_garden, serial_shops, nicolae_square_shop

Skill      XL: |  1  2  3  4  5  6  7  8  9 10 11 12 13 14 15 16 17 |
---------------+----------------------------------------------------+-----
Axes           | 4 5 6 7 8 9 10 11 13 15 16 | 16.0
Throwing       | 2 4 6 7 9 10 12 | 12.0
Invocations    | 2 9 11 13 15 17 19 20 | 20.0
Evocations     | 3 7 10 12 | 12.0
Armour         | 2 6 7 10 | 10.1
Shields        | 1 4 7 11 13 | 13.4
Fighting       | 5 6 8 10 | 10.3
Dodging        | 4 6 |  6.0
Stealth        | |  2.4

Action                   |  1- 3 |  4- 6 |  7- 9 | 10-12 | 13-15 | 16-18 || total
-------------------------+-------+-------+-------+-------+-------+-------++-------
Melee: Hand axe          |    66 |     6 |       |   427 |     2 |       ||   501
       Short sword       |    56 |   225 |    52 |       |       |       ||   333
       Dagger            |       |       |   461 |   259 |       |       ||   720
       Whip              |       |       |    14 |       |       |       ||    14
       War axe           |       |       |       |       |  1579 |   478 ||  2057
       Broad axe         |       |       |       |       |       |   273 ||   273
Throw: Stone             |    98 |    44 |     3 |       |       |       ||   145
       Dart              |       |       |    36 |   247 |   314 |    27 ||   624
       Boomerang         |       |       |     2 |    62 |   116 |    37 ||   217
       Throwing net      |       |       |       |    10 |       |       ||    10
Invok: Lesser Healing    |       |       |    18 |   119 |   237 |    94 ||   468
       Greater Healing   |       |       |       |       |     7 |     3 ||    10
 Abil: Heal Wounds       |     1 |     3 |     7 |     4 |    21 |     2 ||    38
Evoke: Wand              |       |       |       |    25 |    31 |     3 ||    59
       Tin of tremorston |       |       |       |       |     1 |     2 ||     3
       Phantom mirror    |       |       |       |       |     1 |       ||     1
  Use: Scroll            |       |       |     8 |     2 |    17 |    10 ||    37
       Potion            |       |       |       |     4 |     3 |     2 ||     9
 Stab: Sleeping          |     1 |     3 |     4 |     1 |       |       ||     9
       Held in net/web   |       |       |       |     4 |       |       ||     4
Armor: Robe              |     3 |       |       |       |       |       ||     3
       Ring mail         |    35 |   128 |   245 |    98 |       |       ||   506
       Chain mail        |       |       |       |   433 |   925 |   235 ||  1593
Dodge: Dodged            |    78 |   133 |   380 |   384 |   705 |   266 ||  1946
       Repelled          |       |     1 |     2 |     1 |     3 |     6 ||    13
Block: Buckler           |       |       |       |   157 |   282 |       ||   439
       Kite shield       |       |       |       |       |   301 |   515 ||   816

Table legend: (Time is in decaauts)
 A = Elapsed time spent in this place.
 B = Non-inter-level travel time spent in this place.
 C = Inter-level travel time spent in this place.
 D = Time resting spent in this place.
 E = Time spent auto-exploring this place.
 F = Levels seen in this place.
 G = Mean time per level.
                   A        B        C        D        E       F      G
               +--------+--------+--------+--------+--------+-----+--------+
         Total |  33396 |  30901 |   2495 |    466 |  19318 |  30 | 1113.2 |
       Dungeon |  16751 |  15450 |   1301 |    244 |   9838 |  15 | 1116.7 |
        Temple |     81 |     76 |      5 |      0 |     37 |   1 |   81.0 |
          Lair |   9208 |   8422 |    786 |    176 |   5022 |   6 | 1534.7 |
        Shoals |    209 |    209 |      0 |      0 |    128 |   1 |  209.0 |
     Snake Pit |   4196 |   4017 |    179 |     37 |   2824 |   4 | 1049.0 |
  Orcish Mines |   2572 |   2350 |    222 |      7 |   1285 |   2 | 1286.0 |
      Gauntlet |    376 |    376 |      0 |      0 |    182 |   1 |  376.0 |
               +--------+--------+--------+--------+--------+-----+--------+

Top non-repeatable levels by time:
  Lair:6: 2219 daAuts
    D:11: 1935 daAuts
  Lair:5: 1850 daAuts
     D:9: 1843 daAuts
  Lair:1: 1711 daAuts
    D:10: 1558 daAuts
    D:15: 1516 daAuts
   Orc:2: 1451 daAuts
  Lair:2: 1402 daAuts
     D:8: 1289 daAuts
 Snake:4: 1186 daAuts
    D:13: 1158 daAuts
   Orc:1: 1121 daAuts
     D:6: 1063 daAuts
  Lair:3: 1041 daAuts
